 Dungeon Crawl Stone Soup version 0.29.1-15-g9cfb28693d (webtiles) character file.

Game seed: 7103205491551348009

18 hawla the Caller (level 3, -3/25 (26) HPs)
             Began as a Meteoran Summoner on Apr 5, 2023.
             Slain by Crazy Yiuf
             ... wielding a +2 quarterstaff of chaos
              (12 damage)
             ... on level 2 of the Dungeon.
             The game lasted 00:01:31 (315 turns).

hawla the Caller (Meteoran Summoner)                 Turns: 315, Time: 00:01:31

HP:   -3/25 (26)    AC:  2    Str: 10    XL:     3   Next: 5%
MP:   5/8           EV: 12    Int: 18    God:
Gold: 20            SH:  0    Dex: 14    Spells: 1/7 levels left

rFire   . . .      SeeInvis .   c - +0 rapier
rCold   . . .      Faith    .   (no shield)
rNeg    . . .      Spirit   .   a - +0 robe
rPois   .          Reflect  .   (no helmet)
rElec   .          Harm     .   (no cloak)
rCorr   .          Rampage  .   (no gloves)
Will    .....                   (no boots)
Stlth   +.........              (no amulet)
HPRegen 0.08/turn               (no ring)
MPRegen 0.11/turn               (no ring)

@: glowing, lightly drained
A: sense surroundings 1, otherworldly, glowing, explore regen
a: no special abilities


You were on level 2 of the Dungeon.
You visited 1 branch of the dungeon, and saw 2 of its levels.

You collected 20 gold pieces.

Inventory:

Hand Weapons
 c - a +0 rapier (weapon)
Armour
 a - a +0 robe (worn)
Scrolls
 d - a scroll of noise {unknown}
Potions
 b - a potion of magic


   Skills:
 + Level 0.1 Short Blades
 + Level 2.7 Dodging
 - Level 1.4 Stealth
 + Level 2.9 Spellcasting
 + Level 5.3 Summonings


You had one spell level left.
You knew the following spells:

 Your Spells              Type           Power      Damage    Failure   Level
a - Summon Small Mammal   Summ           88%        N/A       1%          1
b - Call Imp              Summ           22%        N/A       2%          2
c - Call Canine Familiar  Summ           22%        N/A       5%          3

Your spell library contained the following spells:

 Spells                   Type           Power      Damage    Failure   Level
 Summon Guardian Golem    Hex/Summ       12%        N/A       16%         3
 Summon Lightning Spire   Summ/Air       12%        N/A       47%         4


Dungeon Overview and Level Annotations

Branches:
Dungeon (2/15) Zot: 882

Altars:

Annotations:
D:2 Crazy Yiuf


Innate Abilities, Weirdness & Mutations

You passively map a small area around you.
You are easily found by Zot.
You glow in the dark.
You regain HP and MP as you explore.


Message History

A kobold comes into view. It is wielding a +0 dagger.
The kobold shouts!
Found a stone staircase leading down.
There is an open door here.
The kobold misses you.
You completely miss the kobold. The kobold misses you.
You hit the kobold but do no damage. The kobold hits you with a +0 dagger.
You hit the kobold but do no damage. The kobold hits you with a +0 dagger.
The kobold closely misses you.
You hit the kobold.
The kobold is heavily wounded.
The kobold hits you with a +0 dagger.
You hit the kobold.
You kill the kobold!
No target in view!
You open the door.
There is an open door here.
Found four hammers.
Found a runed translucent door.
Found a hammer.
Crazy Yiuf shouts!
You see here a +0 hammer.
You see here a +0 hammer.
Found two hammers.
Crazy Yiuf grits, "Flower!"
You open the door.
You see here a +0 hammer.
Crazy Yiuf attacks as you move away!
Crazy Yiuf hits you with a +2 quarterstaff of chaos.
Crazy Yiuf burns you.
You see here a +0 hammer.
Casting: Summon Small Mammal (safe; 1% risk of failure)
Confirm with . or Enter, or press ? or * to list all spells.
Crazy Yiuf hits you with a +2 quarterstaff of chaos!
You feel drained.
Casting: Summon Small Mammal (safe; 1% risk of failure)
Confirm with . or Enter, or press ? or * to list all spells.
A beastly little devil appears in a puff of flame.
Your crimson imp says, "You called?"
Crazy Yiuf hits you with a +2 quarterstaff of chaos!
You die...

, * *,* * * * , * *
* * #. ####♣♣ ### *
#. ##...r♣♣ ♣♣#.))#
#..
##.....@♣♣♣♣.'.).#
#...
#.......g♣))♣#).)#
,
#...###.##....♣5♣♣♣
*###
#.#.#..####♣♣♣♣♣ *
#.....####
#.......'##########
* * ,
#....####.........#
, * #.#.#
##......>## * ,*
,..... ##....)## ,


You could see Crazy Yiuf (ally target), a friendly crimson imp (summoned) and a
friendly quokka (summoned).

Vanquished Creatures
  An adder (D:2)
  An endoplasm (D:2)
  A ball python (D:2)
  A frilled lizard (D:1)
  A kobold (D:2)
  2 rats (D:2)
7 creatures vanquished.

Vanquished Creatures (collateral kills)
  A dart slug (D:2)
  An endoplasm (D:1)
2 creatures vanquished.

Grand Total: 9 creatures vanquished

Notes
Turn   | Place    | Note
-------+----------+-------------------------------------------
     0 | D:1      | hawla the Meteoran Summoner began the quest for the Orb.
     0 | D:1      | Reached XP level 1. HP: 14/14 MP: 5/5
   126 | D:2      | Reached skill level 5 in Summonings
   126 | D:2      | Reached XP level 2. HP: 8/20 MP: 3/6
   223 | D:2      | Reached XP level 3. HP: 25/26 MP: 6/8
   226 | D:2      | Learned a level 2 spell: Call Imp
   230 | D:2      | Learned a level 3 spell: Call Canine Familiar
   304 | D:2      | Found a runed translucent door.
   305 | D:2      | Noticed Crazy Yiuf
   315 | D:2      | Slain by Crazy Yiuf

Illustrated notes

Levels and vault maps discovered:
D:1:      dpeg_arrival_houses_and_road, layout_basic, serial_shops,
          nicolae_shop_stone, ebering_ecumenical_altar_hall
D:2:      layout_loops_corners, uniq_crazy_yiuf_cottage

Skill      XL: |  1 |
---------------+----+-----
Summonings     | 5 |  5.3
Short Blades   | |  0.1
Dodging        | |  2.7
Stealth        | |  1.4
Spellcasting   | |  2.9

Action                   || total
-------------------------++-------
Melee: Rapier            ||    15
       Unarmed           ||     1
 Cast: Summon Small Mamm ||     7
       Call Imp          ||     1
Armor: Robe              ||     2
Dodge: Dodged            ||    11
